 Dungeon Crawl Stone Soup version 0.20.0-9-g8272e65 (webtiles) character file.

232 Angani the Changer (level 5, -2/26 HPs)
             Began as a Spriggan Transmuter on June 3, 2017.
             Slain by a leopard gecko skeleton (3 damage)
             ... on level 4 of the Dungeon.
             The game lasted 00:10:43 (3783 turns).

Angani the Changer (Spriggan Transmuter)            Turns: 3783, Time: 00:10:43

Health: -2/26      AC:  2    Str:  6    XL:     5   Next: 73%
Magic:  10/12      EV: 21    Int: 14    God:
Gold:   161        SH:  0    Dex: 23    Spells: 7/13 levels left

rFire    . . .     SeeInvis +     - Unarmed
rCold    + . .     Gourm    .   (shield currently unavailable)
rNeg     . . .     Faith    .   (armour currently unavailable)
rPois    x         Spirit   .   (helmet currently unavailable)
rElec    .         Reflect  .   (cloak currently unavailable)
rCorr    .         Harm     .   (gloves unavailable)
MR       .....                  (boots unavailable)
Stlth    ++........             (no amulet)
Regen    0.1/turn               h - ring of protection from cold
MPRegen  0.2/turn               (no ring)

@: spider-form (expiring)
A: unfitting armour, see invisible, herbivore 3, slow metabolism 2
a: End Transformation


You were on level 4 of the Dungeon.
You were not hungry.
You were a venomous arachnid creature.
You visited 1 branch of the dungeon, and saw 4 of its levels.

You collected 161 gold pieces.

Inventory:

Hand Weapons
 a - the +4 whip of Mayhem {slash, SInv, unknown}
   (You found it on level 4 of the Dungeon)

   It inflicts extra damage upon your enemies.
   It lets you see invisible.
Armour
 b - a +0 robe (melded)
 k - a +1 hat (melded)
 q - a +0 buckler
Jewellery
 h - a ring of protection from cold (left front leg)
Potions
 e - a potion of curing
 f - a potion of invisibility
 i - a potion of degeneration {unknown}
 l - a potion of haste {unknown}
 n - a potion of magic {unknown}
 o - a potion of might {unknown}
Books
 c - a book of Changes

   Spells                             Type                      Level
   a - Beastly Appendage              Transmutation                1
   b - Sticks to Snakes               Transmutation                2
   c - Spider Form                    Transmutation/Poison         3
   d - Ice Form                       Ice/Transmutation            4
   e - Blade Hands                    Transmutation                5
Comestibles
 d - 4 bread rations
 p - a royal jelly


   Skills:
 - Level 1.8 Fighting
 - Level 3.0 Dodging
 - Level 3.0 Unarmed Combat
 * Level 4.6 Spellcasting
 * Level 5.2 Transmutations
 + Level 0.6 Poison Magic


You had 7 spell levels left.
You knew the following spells:

 Your Spells              Type           Power        Failure   Level  Hunger
a - Beastly Appendage     Tmut           ###...       9%          1    None
b - Sticks to Snakes      Tmut           ###.....     11%         2    ##.....
c - Spider Form           Tmut/Pois      ##........   36%         3    ###....


Dungeon Overview and Level Annotations

Branches:
Dungeon (4/15)
 Temple: D:4-7

Altars:
Okawaru
The Shining One


Innate Abilities, Weirdness & Mutations

You are very small and have problems with some larger weapons.
You are too small for most types of armour.
You have supernaturally acute eyesight. (SInv)
You are a herbivore.
((You cover ground extremely quickly.))
You need consume almost no food.


Message History

Confirm with . or Enter, or press ? or * to list all spells.
You turn into a venomous arachnid creature.
Your +1 hat melds into your body.
Your +0 robe melds into your body.
You barely miss the ogre. The ogre closely misses you.
You hit the ogre.
The ogre is poisoned.
The ogre is moderately wounded.
Your transformation is almost over.
The ogre closely misses you.
You hit the ogre.
The ogre looks as sick as possible!
The ogre is moderately wounded.
The ogre hits you with a giant club!!
Ouch! That really hurt!
* * * LOW HITPOINT WARNING * * *
Unknown command.
Unknown command.
Unknown command.
Unknown command.
The leopard gecko skeleton closely misses you.
The leopard gecko skeleton bites you.
You die...

#.....#
#....#
##...#
#.%.##
##..##
##..##
##O.##
##Z.##
#.s##
#..$##
......#
#..."#
#....
#...
... ...


You could see an ogre and a leopard gecko skeleton.

Vanquished Creatures
  An orc priest (D:3)
  A centaur skeleton (D:4)
  A worker ant (D:4)
  Robin (D:2)
  An adder (D:3)
  2 worms (D:3)
  2 dart slugs (D:1)
  A leopard gecko (D:1)
  4 orcs (D:3)
  A ball python (D:1)
  6 giant cockroaches
  15 goblins
  9 hobgoblins
  3 jackals (D:3)
  A bat (D:3)
  5 frilled lizards
  3 kobolds
  7 rats
64 creatures vanquished.

Vanquished Creatures (collateral kills)
  A water moccasin zombie (D:3)
  2 adders (D:2)
  An adder zombie (D:3)
  A dart slug (D:1)
  A leopard gecko (D:1)
  An orc (D:3)
  2 bats (D:1)
  3 goblins (D:1)
  4 jackals (D:1)
  2 kobolds
  2 rats (D:1)
20 creatures vanquished.

Grand Total: 84 creatures vanquished

Notes
Turn   | Place    | Note
-------+----------+-------------------------------------------
     0 | D:1      | Angani the Spriggan Transmuter began the quest for the Orb.
     0 | D:1      | Reached XP level 1. HP: 9/9 MP: 5/5
   112 | D:1      | Reached skill level 1 in Fighting
   137 | D:1      | Reached XP level 2. HP: 11/14 MP: 4/6
   212 | D:1      | Learned a level 2 spell: Sticks to Snakes
   256 | D:1      | Found a glowing golden altar of the Shining One.
   291 | D:1      | Reached skill level 3 in Transmutations
  1004 | D:1      | Reached XP level 3. HP: 14/18 MP: 6/8
  1135 | D:1      | Learned a level 3 spell: Spider Form
  1638 | D:2      | Noticed Robin
  1664 | D:2      | Killed Robin
  1672 | D:2      | Reached XP level 4. HP: 14/22 MP: 4/10
  2146 | D:2      | Found an iron altar of Okawaru.
  2295 | D:2      | Reached skill level 4 in Transmutations
  2835 | D:3      | Reached XP level 5. HP: 26/26 MP: 2/12
  3425 | D:3      | Noticed an orc warrior
  3530 | D:4      | Reached skill level 5 in Transmutations
  3767 | D:4      | Noticed an ogre
  3769 | D:4      | Got a brightly glowing whip
  3780 | D:4      | HP: 1/26 [ogre/giant club (25)]
  3783 | D:4      | Slain by a leopard gecko skeleton

Skill      XL: |  1  2  3  4  5 |
---------------+----------------+-----
Fighting       | 1 |  1.8
Transmutations | 3 4 5 |  5.2
Spellcasting   | 3 4 |  4.6
Unarmed Combat | 3 |  3.0
Dodging        | |  3.0
Poison Magic   | |  0.6

Action                   |  1- 3 |  4- 6 || total
-------------------------+-------+-------++-------
Melee: Unarmed           |   182 |   127 ||   309
       Kick              |    13 |       ||    13
       Headbutt          |     2 |       ||     2
       Punch             |     3 |     1 ||     4
 Cast: Beastly Appendage |    14 |       ||    14
       Sticks to Snakes  |    13 |    18 ||    31
       Spider Form       |     1 |     7 ||     8
  Use: Scroll            |       |     6 ||     6
 Stab: Distracted        |     2 |     1 ||     3
       Sleeping          |     1 |     2 ||     3
  Eat: Fruit             |       |     4 ||     4
Armor: Robe              |    20 |     2 ||    22
       Skin              |       |     2 ||     2
Dodge: Dodged            |   158 |   108 ||   266
Block: Buckler           |       |     5 ||     5
